 Dungeon Crawl Stone Soup version 0.28-a0-108-g844de0d849 (webtiles) character file.

Game seed: 17405750826569681626

5075 vbjbs the Geomancer (level 10, 0/56 HPs)
             Began as a Gargoyle Earth Elementalist on Aug 11, 2021.
             Slain by an eight-headed hydra (6 damage)
             ... on level 8 of the Dungeon on Aug 12, 2021.
             The game lasted 00:19:21 (9674 turns).

vbjbs the Geomancer (Gargoyle Earth Elementalist)   Turns: 9674, Time: 00:19:22

Health: 0/56       AC: 14    Str: 12    XL:     10   Next: 56%
Magic:  1/21       EV: 12    Int: 19    God:
Gold:   356        SH:  0    Dex: 10    Spells: 19/23 levels left

rFire   . . .      SeeInvis +   d - +4 dagger (flame)
rCold   . . .      Faith    .   (no shield)
rNeg    + . .      Spirit   .   b - +0 robe
rPois   ∞          Reflect  .   k - +2 helmet
rElec   +          Harm     .   (no cloak)
rCorr   .          Rampage  .   e - +1 pair of gloves
Will    .....                   (no boots)
Stlth   ++........              (no amulet)
HPRegen 0.18/turn               a - ring of see invisible
MPRegen 0.17/turn               (no ring)

@: marked
A: sickness immunity, AC +7, negative energy resistance 1, electricity
resistance, torment resistance 1, petrification resistance
a: no special abilities


You were on level 8 of the Dungeon.
You visited 2 branches of the dungeon, and saw 10 of its levels.

You collected 403 gold pieces.
You spent 47 gold pieces at shops.

Inventory:

Hand Weapons
 d - a +4 dagger of flaming (weapon)
 f - a +4 mace of freezing
 n - a +0 flail
 q - a +3 flail
Missiles
 c - 134 stones
 r - a throwing net
Armour
 b - a +0 robe (worn)
 e - a +1 pair of gloves (worn)
 k - a +2 helmet (worn)
Jewellery
 a - a ring of see invisible (left hand)
Wands
 h - a wand of iceblast (12)
 i - a wand of polymorph (13)
Scrolls
 p - a scroll of amnesia
Potions
 j - a potion of heal wounds
 l - a potion of lignification
 m - a potion of mutation {unknown}
 o - a potion of flight {unknown}


   Skills:
 + Level 3.3 Fighting
 + Level 3.2 Maces & Flails
 + Level 3.4 Armour
 + Level 3.1 Dodging
 - Level 2.1 Stealth
 + Level 7.3 Spellcasting
 + Level 8.1 Conjurations
 - Level 0.7 Transmutations
 + Level 10.0 Earth Magic
 + Level 2.8 Evocations


You had 19 spell levels left.
You knew the following spells:

 Your Spells              Type           Power      Damage    Failure   Level
a - Sandblast             Erth           90%        2d19      1%          1
b - Stone Arrow           Conj/Erth      82%        3d12      1%          3

Your spell library contained the following spells:

 Spells                   Type           Power      Damage    Failure   Level
 Passwall                 Tmut/Erth      22%        N/A       1%          2
 Wereblood                Tmut           9%         N/A       11%         2
 Petrify                  Tmut/Erth      27%        N/A       11%         4
 Inner Flame              Hex/Fire       7%         N/A       28%         3
 Ozocubu's Armour         Ice            7%         N/A       28%         3
 Cause Fear               Hex            3%         N/A       67%         4
 Ozocubu's Refrigeration  Ice            3%         4d5       100%        7
 Summon Hydra             Summ           3%         N/A       100%        7
 Discord                  Hex            3%         N/A       100%        8
 Sublimation of Blood     Necr           Unusable   N/A       N/A         2

Dungeon Overview and Level Annotations

Branches:
Dungeon (9/15)             Temple (1/1) D:6
   Lair: D:8-11         Orc: D:9-12

Altars:
Ashenzari
Cheibriados
Dithmenos
Gozag
Hepliaklqana
Makhleb
Nemelex Xobeh
Okawaru
Qazlal
Ru
Trog
Uskayaw
Wu Jian
Xom
Yredelemnul
Zin

Shops:
D:5 *


Innate Abilities, Weirdness & Mutations

You are immune to sickness and miasma.
Your stone body is resilient. (AC +7)
You are immune to poison.
You resist negative energy. (rN+)
You are resistant to electric shocks. (rElec)
You are resistant to unholy torment.
You are immune to petrification.


Message History

Unknown command.
Casting: Stone Arrow (safe; 1% risk of failure)
Confirm with . or Enter, or press ? or * to list all spells.
Aiming: Sandblast (safe; 1% risk of failure)
Press: ? - help, Shift-Dir - straight line, f/p - komodo dragon
Aim: a komodo dragon (heavily wounded, 87% to hit)
The blast of sand hits the komodo dragon!!
The komodo dragon is almost dead.
The komodo dragon bites you!!
Unknown command.
Things that are here:
a howler monkey corpse; a howler monkey corpse
Casting: Sandblast (safe; 1% risk of failure)
Confirm with . or Enter, or press ? or * to list all spells.
Aiming: Sandblast (safe; 1% risk of failure)
Press: ? - help, Shift-Dir - straight line, f/p - komodo dragon
Aim: a komodo dragon (almost dead, 87% to hit)
The blast of sand hits the komodo dragon!!
You kill the komodo dragon!
Your Earth Magic skill increases to level 10!
Unknown command.
Things that are here:
a howler monkey corpse; a howler monkey corpse An eight-headed hydra comes into view.
A centaur comes into view.
The eight-headed hydra bites you but does no damage.
The eight-headed hydra bites you. The eight-headed hydra bites you!
The eight-headed hydra misses you.
The eight-headed hydra closely misses you.
The eight-headed hydra bites you.
* * * LOW HITPOINT WARNING * * *
The eight-headed hydra barely misses you.
The eight-headed hydra bites you!
* * * LOW HITPOINT WARNING * * *
There is a stone staircase leading up here.
Unknown command.
Unknown command.
Unknown command.
As you read the scroll of summoning, it crumbles to dust.
Wisps of shadow whirl around you... The eight-headed hydra bites you.
You die...

#.........####..
..... ##. ... #.
... #. #.# #. #.#
#.##.
#######.######.##.
#Y.Z†..)....##.##.
#@####.).##.##.##.
#D# #.....#.##.##.
#c# ##...##.##.##.
#.# ##...>....###
..# #.###.......
### ### ########


You could see an eight-headed hydra (ally target), a centaur, a friendly ice
beast (summoned) and a friendly killer bee zombie (summoned, wandering).

Vanquished Creatures
  Harold (D:8)
  A two-headed ogre (D:8)
  A komodo dragon (D:8)
  6 yaks
  2 water moccasins (D:8)
  An orc warrior (D:8)
  3 ice beasts
  A sky beast (D:5)
  3 black bears
  An ogre (D:5)
  2 centaurs (D:6)
  A phantom (D:6)
  A gnoll sergeant (D:5)
  3 scorpions
  5 bullfrogs (D:8)
  5 wights (D:6)
  2 howler monkeys (D:8)
  A bullfrog zombie (D:6)
  4 hounds
  A bullfrog skeleton (D:5)
  A centaur skeleton (D:7)
  An orc priest (D:8)
  Ijyb (D:3)
  2 iguanas
  An orc wizard (D:8)
  Robin (D:3)
  3 gnolls (D:5)
  A howler monkey skeleton (D:5)
  5 adders
  A shadow imp (D:8)
  A white imp (D:6)
  2 ufetubi
  2 worms
  4 dart slugs
  10 orcs
  9 endoplasms
  5 giant cockroaches
  14 goblins
  15 hobgoblins
  13 jackals
  11 kobolds
  5 quokkas
  5 ball pythons
  8 bats
  4 frilled lizards
  8 rats
178 creatures vanquished.

Vanquished Creatures (others)
  14 fungi (D:8)
  13 plants (D:8)
27 creatures vanquished.

Grand Total: 205 creatures vanquished

Notes
Turn   | Place    | Note
-------+----------+-------------------------------------------
     0 | D:1      | vbjbs the Gargoyle Earth Elementalist began the quest for
                  | the Orb.
     0 | D:1      | Reached XP level 1. HP: 10/10 MP: 3/3
   265 | D:1      | Reached XP level 2. HP: 11/15 MP: 1/5
   266 | D:1      | Reached skill level 4 in Earth Magic
  1043 | D:1      | Reached XP level 3. HP: 16/19 MP: 6/6
  1047 | D:1      | Learned a level 3 spell: Stone Arrow
  1099 | D:1      | Found a faded altar of an unknown god.
  2672 | D:2      | Reached skill level 1 in Conjurations
  3400 | D:3      | Noticed Robin
  3405 | D:3      | Reached XP level 4. HP: 20/24 MP: 6/8
  3408 | D:3      | Killed Robin
  3644 | D:3      | Noticed Ijyb
  3667 | D:3      | Killed Ijyb
  3668 | D:3      | Reached skill level 5 in Earth Magic
  3670 | D:3      | Reached XP level 5. HP: 20/28 MP: 4/9
  5266 | D:4      | Upgraded the game from 0.28-a0-105-g49a0850c41 to
                  | 0.28-a0-108-g844de0d849
  5588 | D:4      | Reached XP level 6. HP: 25/32 MP: 11/11
  6243 | D:5      | Entered Level 5 of the Dungeon
  6324 | D:5      | Noticed a black bear
  6336 | D:5      | Killed a black bear
  6350 | D:5      | Reached skill level 6 in Earth Magic
  6680 | D:5      | Reached XP level 7. HP: 36/36 MP: 5/13
  6762 | D:5      | Reached skill level 7 in Earth Magic
  6985 | D:5      | Reached skill level 5 in Spellcasting
  6985 | D:5      | Reached XP level 8. HP: 39/41 MP: 15/15
  7003 | D:5      | Found Taiq Emunam's CLEARANCE SALE! EVERYTHING MUST GO!.
  7007 | D:5      | Reached skill level 5 in Conjurations
  7009 | D:5      | Bought a scroll of summoning for 47 gold pieces
  7705 | D:6      | Noticed a yak
  7706 | D:6      | Noticed a yak
  7707 | D:6      | Noticed a yak
  7708 | D:6      | Noticed a yak
  7714 | D:6      | Noticed a yak
  7723 | D:6      | Killed a yak
  7724 | D:6      | Reached skill level 8 in Earth Magic
  7726 | D:6      | Killed a yak
  7736 | D:6      | Killed a yak
  7769 | D:6      | Killed a yak
  7770 | D:6      | Reached XP level 9. HP: 21/45 MP: 3/18
  7933 | D:6      | Reached skill level 9 in Earth Magic
  8026 | D:6      | Found a staircase to the Ecumenical Temple.
  8032 | Temple   | Entered the Ecumenical Temple
  8677 | D:6      | Reached skill level 1 in Fighting
  8933 | D:6      | Reached skill level 1 in Maces & Flails
  8933 | D:6      | Reached skill level 1 in Armour
  9261 | D:7      | You fall into a shaft and drop 2 floors!
  9327 | D:8      | Noticed a two-headed ogre
  9421 | D:8      | Reached skill level 1 in Evocations
  9450 | D:8      | Reached XP level 10. HP: 23/53 MP: 7/20
  9631 | D:8      | Noticed Harold
  9640 | D:8      | Killed Harold
  9652 | D:8      | Killed a two-headed ogre
  9669 | D:8      | Reached skill level 10 in Earth Magic
  9671 | D:8      | Noticed an eight-headed hydra
  9674 | D:8      | Slain by an eight-headed hydra

Illustrated notes

Levels and vault maps discovered:
D:1:      kilobyte_arrival_exit_the_forest, layout_basic,
          shapermc_ecumenical_altar_acropolis
D:2:      layout_basic, serial_glass, glass_columns_c, glass_columns_a,
          glass_columns_c, glass_columns_a, glass_columns_a, glass_columns_a,
          minmay_misc_feat_rows
D:3:      minmay_bubble_buster, layout_loops_ring, hangedman_decor_points,
          st_stairs_6, minmay_misc_feat_tower, uniq_robin, uniq_ijyb
D:4:      layout_basic
D:5:      layout_basic, nicolae_shop_clearance
D:6:      layout_loops_ring, minmay_temple_entry_nine_rooms
D:7:      layout_loops_cross, fedhas_ov_isle_minmay, marbit_many_paths,
          overflow_temple_1_default, water_maze_lemuel
D:8:      minmay_tri_box, layout_loops_corners, due_lair_maze_entry_diamond,
          uniq_harold
D:9:      layout_basic, palyth_temple_overflow_mages
Temple:   compressed_dpeg_circular_temple

Skill      XL: |  1  2  3  4  5  6  7  8  9 10 |
---------------+-------------------------------+-----
Earth Magic    | 4 5 6 7 8 9 10 | 10.0
Conjurations   | 1 2 3 4 6 7 8 |  8.1
Spellcasting   | 3 4 5 6 7 |  7.3
Fighting       | 2 3 |  3.3
Maces & Flails | 2 3 |  3.2
Armour         | 2 3 |  3.4
Dodging        | 2 3 |  3.1
Evocations     | 2 |  2.8
Stealth        | |  2.1
Transmutations | |  0.7

Action                   |  1- 3 |  4- 6 |  7- 9 | 10-12 || total
-------------------------+-------+-------+-------+-------++-------
Melee: Unarmed           |    27 |       |       |       ||    27
       Dagger            |    99 |    72 |   132 |       ||   303
       Mace              |       |   167 |       |       ||   167
 Cast: Sandblast         |    38 |    38 |    72 |     7 ||   155
       Stone Arrow       |       |     4 |     6 |     7 ||    17
Evoke: Wand              |       |     2 |     6 |     5 ||    13
  Use: Scroll            |       |     8 |     3 |     1 ||    12
       Potion            |       |     1 |     1 |       ||     2
 Stab: Sleeping          |     4 |     1 |       |       ||     5
       Distracted        |     1 |       |       |       ||     1
Armor: Robe              |    54 |   149 |   112 |     2 ||   317
Dodge: Dodged            |    82 |   215 |   130 |     5 ||   432

Table legend: (Time is in decaauts)
 A = Elapsed time spent in this place.
 B = Non-inter-level travel time spent in this place.
 C = Inter-level travel time spent in this place.
 D = Time resting spent in this place.
 E = Time spent auto-exploring this place.
 F = Levels seen in this place.
 G = Mean time per level.
                   A        B        C        D        E       F      G
               +--------+--------+--------+--------+--------+-----+--------+
         Total |   9744 |   9481 |    263 |    586 |   7396 |  10 |  974.4 |
       Dungeon |   9614 |   9389 |    225 |    586 |   7305 |   9 | 1068.2 |
        Temple |    129 |     91 |     38 |      0 |     91 |   1 |  129.0 |
               +--------+--------+--------+--------+--------+-----+--------+

Top non-repeatable levels by time:
     D:3: 1892 daAuts
     D:2: 1878 daAuts
     D:1: 1503 daAuts
     D:6: 1436 daAuts
     D:5: 1432 daAuts
     D:4: 1038 daAuts
     D:8: 405 daAuts
  Temple: 129 daAuts
     D:7: 19 daAuts
     D:9: 6 daAuts
